 Dungeon Sprint DCSS version 0.29-a0-613-gf2c431b9b9 (webtiles) character file.

Game seed: 6875169878406974632

28 mhtbhm the Caller (level 3, -2/19 HPs)
             Began as a Tengu Summoner on June 16, 2022.
             Slain by a human (7 damage)
             ... in the Dungeon (Sprint III: "The Ten Rune Challenge").
             The game lasted 00:00:42 (179 turns).

mhtbhm the Caller (Tengu Summoner)                   Turns: 179, Time: 00:00:44

Health: -2/19      AC:  2    Str:  8    XL:     3   Next: 14%
Magic:  2/8        EV: 12    Int: 17    God:
Gold:   8          SH:  0    Dex: 14    Spells: 1/7 levels left

rFire   . . .      SeeInvis .   (no weapon)
rCold   . . .      Faith    .   (no shield)
rNeg    . . .      Spirit   .   a - +0 robe
rPois   .          Reflect  .   (helmet restricted)
rElec   .          Harm     .   (no cloak)
rCorr   .          Rampage  .   (no gloves)
Will    .....      NoTele   +   (boots unavailable)
Stlth   ++........              (no amulet)
HPRegen 0.06/turn               (no ring)
MPRegen 0.11/turn               (no ring)

@: no status effects
A: beak, talons 3
a: no special abilities


You were in the Dungeon.
You visited 1 branch You collected 8 gold pieces.

Inventory:

Armour
 a - a +0 robe (worn)
Scrolls
 g - a scroll of blinking
Potions
 b - 3 potions of magic
 c - a potion of curing
 d - a potion of heal wounds
 e - a potion of haste
 f - a potion of berserk rage


   Skills:
 + Level 2.7 Dodging
 + Level 2.5 Stealth
 + Level 2.9 Spellcasting
 + Level 7.8 Summonings


You had one spell level left.
You knew the following spells:

 Your Spells              Type           Power      Damage    Failure   Level
a - Summon Small Mammal   Summ           100%       N/A       1%          1
b - Call Imp              Summ           29%        N/A       1%          2
c - Call Canine Familiar  Summ           29%        N/A       2%          3

Your spell library contained the following spells:

 Spells                   Type           Power      Damage    Failure   Level
 Summon Guardian Golem    Hex/Summ       15%        N/A       11%         3
 Summon Lightning Spire   Summ/Air       15%        N/A       34%         4


Dungeon Overview and Level Annotations

Branches:
Dungeon (1/1)

Altars:


Innate Abilities, Weirdness & Mutations

You have a beak for a mouth.
You have claws for feet.


Message History

The human is lightly wounded.
Your quokka bites the human but does no damage.
Your quokka misses the human.
Your hound bites the human.
The human barely misses you.
You hit the human but do no damage. Your kick misses the human.
You peck the human, but do no damage.
The human is lightly wounded.
Your quokka closely misses the human. x2; Your hound misses the human.
The human hits you.
Your quokka barely misses the human.
Unknown command.
You closely miss the human.
The human is lightly wounded.
Your hound bites the human.
Your quokka closely misses the human. x2
The human hits you but does no damage.
Your quokka bites the human but does no damage.
Your hound bites the human but does no damage.
You closely miss the human. You claw the human. Your peck misses the human.
The human is heavily wounded.
Your hound barely misses the human.
Your quokka closely misses the human. x2
The human barely misses you.
Unknown command.
You closely miss the human. Your kick misses the human.
The human is heavily wounded.
Your hound bites the human but does no damage.
Your quokka closely misses the human.
Your quokka misses the human.
Your crimson imp hits the human.
Your hound bites the human.
The human hits your hound.
You closely miss the human.
The human is heavily wounded.
Your quokka barely misses the human. x2; Your hound barely misses the human.
The human hits you.
* * * LOW HITPOINT WARNING * * *
Your crimson imp closely misses the human.
You closely miss the human.
The human is heavily wounded.
Your hound barely misses the human.
Your quokka bites the human but does no damage.
Your quokka barely misses the human.
Your hound closely misses the human.
The human hits you!
You die...

▓.....#
▓.....#...≈≈♣. ♣♣
▓....[#..≈≈≈≈♣♣.♣
▓####'#..≈≈≈≈≈≈♣.
▓....†#.≈≈≈≈≈≈...
▓.)...#.≈≈≈≈≈....
▓.....#.≈≈≈......
▓'#####.5rr......
▓.......@ph......
▓▓▓▓▓▓▓▓▓▓▓▓▓▓▓▓▓


You could see a human (ally target), a friendly hound (summoned), a friendly
crimson imp (summoned) and 2 friendly quokkas.

Vanquished Creatures
  An endoplasm (D)
1 creature vanquished.

Vanquished Creatures (collateral kills)
  Jessica (D)
  2 rats (D)
3 creatures vanquished.

Grand Total: 4 creatures vanquished

Notes
Turn   | Place    | Note
-------+----------+-------------------------------------------
     0 | D        | mhtbhm the Tengu Summoner began the quest for the Orb.
     0 | D        | Reached XP level 1. HP: 10/10 MP: 4/4
     6 | D        | Reached skill level 5 in Summonings
    95 | D        | Noticed Jessica
    98 | D        | Killed Jessica
    99 | D        | Reached skill level 7 in Summonings
    99 | D        | Reached XP level 2. HP: 15/15 MP: 2/6
    99 | D        | Reached XP level 3. HP: 19/19 MP: 2/8
   150 | D        | Learned a level 2 spell: Call Imp
   154 | D        | Learned a level 3 spell: Call Canine Familiar
   179 | D        | Slain by a human

Illustrated notes

Levels and vault maps discovered:
D:        dungeon_sprint_mu [sprint_mu_entry_forest, sprint_mu_temple_rooms,
          sprint_mu_d1_horrors, sprint_mu_d2_genie, sprint_mu_d3_branching,
          sprint_mu_orc_legion, sprint_mu_elf_gauntlet, sprint_mu_hive_nellie,
          sprint_mu_lair_fedhas, sprint_mu_vaults_butterflies,
          sprint_mu_slime_circle, sprint_mu_swamp_cave, sprint_mu_shoals_kraken,
          sprint_mu_blade_basic, sprint_mu_crypt_chambers,
          sprint_mu_tomb_spiral, sprint_mu_vestibule_basic,
          sprint_mu_gehenna_hellfire, sprint_mu_dis_giant,
          sprint_mu_tartarus_statrot, sprint_mu_cocytus_islands, sprint_mu_zot1]

Skill      XL: |  1 |
---------------+----+-----
Summonings     | 7 |  7.8
Dodging        | |  2.7
Stealth        | |  2.5
Spellcasting   | |  2.9

Action                   || total
-------------------------++-------
Melee: Unarmed           ||    10
       Kick              ||     3
       Peck              ||     2
 Cast: Summon Small Mamm ||     8
       Call Imp          ||     1
       Call Canine Famil ||     1
Armor: Robe              ||     1
Dodge: Dodged            ||     4

Table legend: (Time is in decaauts)
 A = Elapsed time spent in this place.
 B = Non-inter-level travel time spent in this place.
 C = Inter-level travel time spent in this place.
 D = Time resting spent in this place.
 E = Time spent auto-exploring this place.
 F = Levels seen in this place.
 G = Mean time per level.
                   A        B        C        D        E       F      G
               +--------+--------+--------+--------+--------+-----+--------+
         Total |    179 |    179 |      0 |    116 |      1 |   1 |  179.0 |
       Dungeon |    179 |    179 |      0 |    116 |      1 |   1 |  179.0 |
               +--------+--------+--------+--------+--------+-----+--------+

Top non-repeatable levels by time:
       D: 179 daAuts
